 Dungeon Crawl Stone Soup version bcrawl-1.21.2-28-g2cb1824106 (webtiles) character file.

Game seed: 13877896210742622425

422 Freyura the Cudgeler (level 6, -4/68 HPs)
             Began as an Ogre Fighter on Mar 24, 2020.
             Killed from afar by an orc wizard (8 damage)
             ... with a magic dart
             ... on level 4 of the Dungeon.
             The game lasted 00:06:30 (3723 turns).

Freyura the Cudgeler (Ogre Fighter)                 Turns: 3723, Time: 00:06:31

Health: -4/68      AC:  3    Str: 21    XL:     6   Next: 95%
Magic:  6/6        EV:  8    Int:  9    God:
Gold:   281        SH:  8    Dex: 10    Spells: 5/5 levels left

rFire    . . .     SeeInvis .   m - +4 whip
rCold    . . .     Gourm    .   c - +0 medium shield
rNeg     . . .     Faith    .   b - +0 robe
rPois    .         Spirit   .   (helmet restricted)
rElec    .         Reflect  .   (no cloak)
rCorr    .         Harm     .   (gloves unavailable)
MR       .....                  (boots unavailable)
Stlth    +.........             (no amulet)
HPRegen  0.21/turn              (no ring)
MPRegen  0.10/turn              (no ring)

@: lethally poisoned (-4 -> -5)
A: large, unfitting armour, tough skin 1
a: no special abilities


You were on level 4 of the Dungeon.
You were not hungry.

You visited 1 branch of the dungeon, and saw 4 of its levels.

You collected 281 gold pieces.

Inventory:

Hand Weapons
 a - a +0 flail
 m - a +4 whip (weapon)
Missiles
 v - a throwing net (quivered) {!f}
Armour
 b - a +0 robe (worn)
 c - a +0 medium shield (worn)
Wands
 t - a wand of polymorph (5)
Scrolls
 g - a scroll of amnesia {unknown}
 h - a scroll of identify
 i - 2 scrolls of teleportation {unknown}
 j - a scroll of blinking {unknown}
 l - 2 scrolls of remove curse {unknown}
 n - a scroll of fear {unknown}
 s - a scroll of magic mapping {unknown}
 u - a scroll of noise {unknown}
Potions
 d - a potion of might
 f - a potion of flight {unknown}
 k - a potion of resistance {unknown}
 o - 2 potions of heal wounds
 p - a potion of magic {unknown}
 q - 2 potions of brilliance {unknown}
 r - a potion of mutation {unknown}
Comestibles
 e - 6 rations {!d}
 w - 2 chunks of flesh


   Skills:
 + Level 6.5 Fighting
 * Level 7.2 Maces & Flails
 - Level 2.6 Dodging
 - Level 2.6 Shields


You had 5 spell levels left.
You didn't know any spells.
Your spell library was empty.

Dungeon Overview and Level Annotations

Branches:
Dungeon (4/12)
 Temple: D:4-7

Altars:
Cheibriados
Nemelex Xobeh
Xom
Yredelemnul


Innate Abilities, Weirdness & Mutations

You are too large for most types of armour.
You have tough skin. (AC +1)


Message History

* * * LOW HITPOINT WARNING * * *
Something hits you but does no damage.
You hit the worker ant.
The worker ant is severely wounded.
You block the worker ant's attack.
You hear some strange, mumbled words.
A magic dart appears from out of thin air!
The magic dart hits you.
* * * LOW HITPOINT WARNING * * *
You whack the worker ant!
You kill the worker ant!
You feel sick.
You hear some strange, mumbled words.
A puff of flame appears from out of thin air!
The puff of flame hits you!
* * * LOW HITPOINT WARNING * * *
You hear some strange, mumbled words.
A magic dart appears from out of thin air!
The magic dart hits you!
You die...

##################+#####
..#.............@.......
..#...................^.
..#.................8...
..#.....................
..#.....................
..#.....................
'##...................>.
...##'#.....#######.....
...#..#.....'. .8...


There were no monsters in sight!

Vanquished Creatures
  An ogre (D:4)
  A scorpion (D:4)
  An orc priest (D:3)
  Ijyb (D:3)
  2 worker ants (D:4)
  A hound zombie (D:3)
  4 gnolls (D:3)
  6 adders
  3 dart slugs
  4 leopard geckos
  4 orcs (D:3)
  4 giant cockroaches
  5 goblins
  8 hobgoblins
  A jackal (D:4)
  10 kobolds
  2 quokkas
  6 bats
  4 frilled lizards
  A jackal zombie (D:4)
  A quokka skeleton (D:4)
  8 rats
78 creatures vanquished.

Notes
Turn   | Place    | Note
-------+----------+-------------------------------------------
     0 | D:1      | Freyura the Ogre Fighter began the quest for the Orb.
     0 | D:1      | Reached XP level 1. HP: 24/24 MP: 1/1
   349 | D:1      | Reached skill level 3 in Maces & Flails
   353 | D:1      | Reached XP level 2. HP: 30/32 MP: 2/2
  1182 | D:2      | Reached XP level 3. HP: 33/40 MP: 3/3
  1410 | D:2      | Found a shimmering altar of Xom.
  1411 | D:2      | Found a basalt altar of Yredelemnul.
  1651 | D:2      | Reached skill level 4 in Maces & Flails
  2116 | D:3      | Reached XP level 4. HP: 32/49 MP: 4/4
  2122 | D:3      | Reached skill level 5 in Fighting
  2270 | D:3      | Noticed Ijyb
  2488 | D:3      | Reached skill level 5 in Maces & Flails
  2491 | D:3      | Reached XP level 5. HP: 57/57 MP: 5/5
  2742 | D:3      | Killed Ijyb
  2836 | D:3      | Found a sparkling altar of Nemelex Xobeh.
  2869 | D:3      | Reached skill level 6 in Maces & Flails
  3037 | D:3      | Reached XP level 6. HP: 66/67 MP: 6/6
  3600 | D:4      | Found a snail-covered altar of Cheibriados.
  3710 | D:4      | Reached skill level 7 in Maces & Flails
  3723 | D:4      | Killed from afar by an orc wizard

Skill      XL: |  1  2  3  4  5  6 |
---------------+-------------------+-----
Maces & Flails | 3 4 5 6 7 |  7.2
Fighting       | 5 6 |  6.5
Dodging        | |  2.6
Shields        | |  2.6

Action                   |  1- 3 |  4- 6 || total
-------------------------+-------+-------++-------
Melee: Flail             |    67 |       ||    67
       Whip              |    78 |   177 ||   255
       Unarmed           |       |     1 ||     1
  Use: Scroll            |     2 |       ||     2
       Potion            |       |     1 ||     1
 Stab: Sleeping          |     1 |       ||     1
  Eat: Chunk             |     2 |     4 ||     6
       Ration            |     1 |       ||     1
Armor: Robe              |    48 |    28 ||    76
       Skin              |       |     7 ||     7
Dodge: Dodged            |    48 |    45 ||    93
Block: Medium shield     |    62 |    61 ||   123
